AoeStats
← Kiritastrich

Arabia

508543602Analyzed
1v1 RM · 8d ago on Sep 23, 2026· 39m 2s· 2 players
Game mode
Random Map
Map size
Tiny (2 player)
Population
200
Speed
Normal
Resources
Standard
Victory
Conquest
Starting age
Dark Age
Ending age
Imperial Age
RankedLock teamsTeams togetherTeam positionsShared explorationLock speedFull tech treeHidden civsTurbo modeCheats
Victory
Defeat
🇧🇷 Danes · Brazil
1983
+10
🇷🇺 Saxons · Russia
1834
-10
Kiritastrich
5:22 Loom
8:49 Feudal Age
13:26 Fletching
23:52 Castle Age
22:31 Double-Bit Axe
23:34 Scale Mail Armor
23:54 Crossbowman
24:47 Bodkin Arrow
28:48 Guard Tower
29:13 Squires
33:19 Arson
35:52 Chain Mail Armor
37:11 Ballistics
Crankshaft
7:27 Loom
9:58 Feudal Age
10:43 Double-Bit Axe
14:55 Fletching
16:18 Padded Archer Armor
22:37 Castle Age
21:45 Scale Mail Armor
21:54 Horse Collar
23:21 Bodkin Arrow
23:55 Chain Mail Armor
23:42 Squires
29:19 Wheelbarrow
30:05 Bow Saw
36:39 Arson
36:46 Elite Skirmisher
38:11 Forging
Connection lost

Rejoining the realm…

Still unreachable

The connection could not be restored.

Session expired

The server has moved on; the page needs a fresh start.